 Dungeon Crawl Stone Soup version 0.27.1-1-g398f81649c (webtiles) character file.

Game seed: 3360861768005034850

345 Atelerd the Digger (level 6, -1/39 HPs)
             Began as an Octopode Earth Elementalist on Sept 21, 2021.
             Hit by a boomerang thrown by an orc (4 damage)
             ... on level 3 of the Dungeon.
             The game lasted 00:03:00 (2943 turns).

Atelerd the Digger (Octopode Earth Elementalist)    Turns: 2943, Time: 00:03:00

Health: -1/39      AC:  2    Str:  7    XL:     6   Next: 58%
Magic:  2/10       EV: 13    Int: 20    God:
Gold:   34         SH:  0    Dex: 14    Spells: 9/10 levels left

rFire    . . .     SeeInvis .   f - +0 dagger (drain)
rCold    . . .     Faith    .   (no shield)
rNeg     . . .     Spirit   .   (helmet restricted)
rPois    +         Reflect  .   (no amulet)
rElec    .         Harm     .   c - ring of poison resistance
rCorr    .         Rampage  .   (no ring)
Will     .....                  (no ring)
Stlth    ++++......             (no ring)
HPRegen  0.13/turn              (no ring)
MPRegen  0.12/turn              (no ring)
                                (no ring)
                                (no ring)

@: no status effects
A: almost no armour, amphibious, 8 rings, camouflage 1, gelatinous body 1,
(nimble swimmer 1), tentacles, tentacle spike 1, agile 1, shaggy fur 1
a: no special abilities


You were on level 3 of the Dungeon.
You visited 1 branch of the dungeon, and saw 3 of its levels.

You collected 60 gold pieces.
You spent 26 gold pieces at shops.

Inventory:

Hand Weapons
 e - a +0 dagger
 f - a +0 dagger of draining (weapon)
Missiles
 b - 62 stones
Jewellery
 c - a ring of poison resistance (left tentacle)
Scrolls
 a - 3 scrolls of identify
 d - a scroll of fog {unknown}
 g - a scroll of blinking {unknown}
 h - 2 scrolls of enchant armour {unknown}
 j - 2 scrolls of acquirement {unknown}
 k - a scroll of magic mapping {unknown}
 l - a scroll of immolation {unknown}


   Skills:
 + Level 1.9 Fighting
 - Level 2.0 Short Blades
 - Level 2.0 Dodging
 + Level 4.1 Stealth
 + Level 2.7 Spellcasting
 * Level 3.3 Transmutations
 * Level 4.4 Earth Magic


You had 9 spell levels left.
You knew the following spells:

 Your Spells              Type           Power      Damage    Failure   Level
a - Sandblast             Erth           40%        2d10      2%          1

Your spell library contained the following spells:

 Spells                   Type           Power      Damage    Failure   Level
 Passwall                 Tmut/Erth      15%        N/A       4%          2
 Stone Arrow              Conj/Erth      22%        3d8       19%         3
 Petrify                  Tmut/Erth      18%        N/A       28%         4


Dungeon Overview and Level Annotations

Branches:
Dungeon (3/15)

Altars:
Dithmenos
Wu Jian

Shops:
D:1 :[*:*


Innate Abilities, Weirdness & Mutations

You cannot wear most types of armour.
You are amphibious.
You can wear up to eight rings at the same time.
Your skin changes colour to match your surroundings (Stealth+).
Your rubbery body absorbs attacks. (AC +1, EV +1)
((You are camouflaged near water. (Stealth+)))
You have tentacles for arms and can constrict up to eight enemies at once.
One of your tentacles bears a spike.
You are agile. (Dex +2)
You are covered in fur. (AC +1)


Message History

Aiming: Sandblast (safe; 2% risk of failure)
Press: ? - help, Shift-Dir - straight line, f/p - orc wizard
Aim: an orc wizard, wielding a +0 dagger and wearing a +0 robe (severely wounded, 76% to hit)
The blast of sand hits the orc wizard!
You kill the orc wizard!
The orc hits you with a +0 flail.
* * * LOW HITPOINT WARNING * * *
Training target 2.0 for Short Blades reached!
Your Short Blades skill increases to level 2!
Unknown command.
Casting: Sandblast (safe; 2% risk of failure)
Confirm with . or Enter, or press ? or * to list all spells.
Aiming: Sandblast (safe; 2% risk of failure)
Press: ? - help, Shift-Dir - straight line, f - orc
Aim: an orc, wielding a +0 flail, wearing a +0 scale mail and quivering boomerangs (83% to hit)
The blast of sand hits the orc but does no damage.
The orc misses you.
Casting: Sandblast (safe; 2% risk of failure)
Confirm with . or Enter, or press ? or * to list all spells.
Aiming: Sandblast (safe; 2% risk of failure)
Press: ? - help, Shift-Dir - straight line, f/p - orc
Aim: an orc, wielding a +0 flail, wearing a +0 scale mail and quivering boomerangs (83% to hit)
The blast of sand hits the orc but does no damage.
The orc closely misses you.
Casting: Sandblast (safe; 2% risk of failure)
Confirm with . or Enter, or press ? or * to list all spells.
Aiming: Sandblast (safe; 2% risk of failure)
Press: ? - help, Shift-Dir - straight line, f/p - orc
Aim: an orc, wielding a +0 flail, wearing a +0 scale mail and quivering boomerangs (83% to hit)
Okay, then.
The orc throws a boomerang.
The boomerang hits you.
* * * LOW HITPOINT WARNING * * *
Casting: Sandblast (safe; 2% risk of failure)
Confirm with . or Enter, or press ? or * to list all spells.
Aiming: Sandblast (safe; 2% risk of failure)
Press: ? - help, Shift-Dir - straight line, f/p - orc
Aim: an orc, wielding a +0 flail, wearing a +0 scale mail and quivering boomerangs (83% to hit)
The blast of sand hits the orc but does no damage.
The orc throws a boomerang.
The boomerang hits you.
You die...

#.# #.# #.# #.# ####
##.## ...
#####...##.##### ###
##...#.#...)....#
##.######..#..@.o)#.###.#
#.#.............)##.#
##.######....†#.## .#
####.#### ##>..##.# ..
#.......# ######.# ##
#.#####.# #+# #.# #>#
#.#####.# ..##....##


You could see an orc.

Vanquished Creatures
  An ogre (D:3)
  A jelly (D:3)
  An orc priest (D:3)
  A bullfrog skeleton (D:3)
  An orc wizard (D:3)
  Natasha (twice) (D:3)
  Terence (D:3)
  3 dart slugs
  2 orcs (D:3)
  5 bats
  5 endoplasms
  3 giant cockroaches
  12 goblins
  4 hobgoblins
  3 jackals (D:2)
  7 kobolds
  2 quokkas
  5 ball pythons
  2 frilled lizards
  4 rats
65 creatures vanquished.

Notes
Turn   | Place    | Note
-------+----------+-------------------------------------------
     0 | D:1      | Atelerd the Octopode Earth Elementalist began the quest for
                  | the Orb.
     0 | D:1      | Reached XP level 1. HP: 11/11 MP: 3/3
    39 | D:1      | Found Cueh's Assorted Antiques.
   146 | D:1      | Reached XP level 2. HP: 17/17 MP: 1/5
   339 | D:1      | Found Piuseeni's Book Boutique.
   476 | D:1      | Found Beoqav's Book Emporium.
   522 | D:1      | Found Rizoc's General Store.
   541 | D:1      | Found Finuinif's Antique Armour Shoppe.
   583 | D:1      | Bought a scroll of identify for 26 gold pieces
   595 | D:1      | You fall into a shaft and drop 1 floor!
   871 | D:2      | Reached XP level 3. HP: 22/22 MP: 4/6
  1773 | D:3      | Noticed Natasha
  1779 | D:3      | Killed Natasha
  1780 | D:3      | Reached skill level 1 in Fighting
  1780 | D:3      | Reached skill level 1 in Short Blades
  1780 | D:3      | Reached XP level 4. HP: 28/28 MP: 7/7
  1864 | D:3      | Found an ornate altar of the Wu Jian Council.
  1871 | D:3      | Noticed Terence
  1880 | D:3      | Killed Terence
  1939 | D:3      | Reached XP level 5. HP: 28/33 MP: 8/8
  1983 | D:3      | Found a shadowy altar of Dithmenos.
  1983 | D:3      | Noticed Natasha
  1993 | D:3      | Killed Natasha
  2276 | D:3      | Noticed an ogre
  2602 | D:3      | Killed an ogre
  2603 | D:3      | Reached XP level 6. HP: 37/39 MP: 5/9
  2929 | D:3      | Gained mutation: You are agile. (Dex +2) [potion of
                  | mutation]
  2929 | D:3      | Gained mutation: One of your tentacles bears a spike.
                  | [potion of mutation]
  2929 | D:3      | Gained mutation: You are covered in fur. (AC +1) [potion of
                  | mutation]
  2943 | D:3      | Hit by a boomerang thrown by an orc

Illustrated notes

Levels and vault maps discovered:
D:1:      scummos_arrival_forest, layout_rooms, serial_shops, shop_statue,
          shop_statue, nicolae_shop_overgrown_old_shop, shop, shop
D:2:      layout_loops_corners
D:3:      layout_loops_corners, mainiacjoe_overflow_catwalk_spiral,
          dilly_ecumenical_altar_fadedgnrine, st_stairs_8, minmay_ogre_servants,
          uniq_crazy_yiuf_cottage, uniq_ijyb, uniq_natasha, uniq_terence

Skill      XL: |  1  2  3  4  5  6 |
---------------+-------------------+-----
Stealth        | 3 4 |  4.1
Fighting       | 1 |  1.9
Short Blades   | 1 2 |  2.0
Transmutations | 2 3 |  3.3
Earth Magic    | 4 |  4.4
Dodging        | |  2.0
Spellcasting   | |  2.7

Action                   |  1- 3 |  4- 6 || total
-------------------------+-------+-------++-------
Melee: Unarmed           |     3 |       ||     3
       Dagger            |    43 |    55 ||    98
       Constrict         |     9 |    10 ||    19
       Tentacles         |     3 |    11 ||    14
       Kick              |       |     1 ||     1
 Cast: Sandblast         |    20 |    16 ||    36
  Use: Potion            |       |     1 ||     1
 Stab: Sleeping          |     4 |     6 ||    10
       Distracted        |       |     1 ||     1
Armor: Skin              |     1 |     5 ||     6
Dodge: Dodged            |    39 |    29 ||    68
